 Dungeon Crawl Stone Soup version 0.31.0-9-g3a7656b989 (webtiles) character file.

Game seed: 4599096613580931626

61 qw the Ducker (level 3, 0/18 HPs)
             Began as a Spriggan Hunter on Feb 2, 2024.
             Succumbed to an adder's poison
             ... on level 2 of the Dungeon.
             The game lasted 00:00:03 (922 turns).

qw the Ducker (Spriggan Hunter)                      Turns: 922, Time: 00:00:03

Health: 0/18       AC:  2    Str:  7    XL:     3   Next: 83%
Magic:  4/4        EV: 21    Int: 10    God:
Gold:   64         SH:  0    Dex: 26    Spells: 2/2 levels left

rFire   . . .        a - +0 shortbow
rCold   + . .        (shield currently unavailable)
rNeg    . . .        c - +0 robe
rPois   .            (helmet restricted)
rElec   .            (no cloak)
rCorr   .            (gloves unavailable)
SInv    +            (boots unavailable)
Will    .....        (no amulet)
Stlth   ++           j - +6 ring of dexterity
HPRegen 0.23/turn    k - ring of protection from cold
MPRegen 0.09/turn

%: no passive effects
@: lethally poisoned (0 -> -2), very quick
A: very small, no large weapons, unfitting armour, see invisible, speed 3
a: no special abilities


You were on level 2 of the Dungeon.
You visited 1 branch of the dungeon, and saw 2 of its levels.

You collected 64 gold pieces.


Innate Abilities, Weirdness & Mutations

You are very small and have problems with some larger weapons.
You are too small for most types of armour.
You have supernaturally acute eyesight. (SInv)
You cover ground extremely quickly. (Speed+++)


   Skills:
 - Level 1.5 Fighting
 + Level 4.4 Ranged Weapons
 - Level 5.0 Dodging
 - Level 1.5 Stealth


You had 2 spell levels left.
You didn't know any spells.
Your spell library was empty.

Inventory:

Hand Weapons
 a - a +0 shortbow (weapon)
Armour
 c - a +0 robe (worn)
Jewellery
 j - a +6 ring of dexterity (left hand)
 k - a ring of protection from cold (right hand)
Potions
 b - a potion of invisibility {unknown}
 g - a potion of cancellation
 i - a potion of heal wounds {unknown}

Dungeon Overview and Level Annotations

Branches:
Dungeon (2/15)

Altars:

Shops:
D:2 (

Annotations:
D:2 Jessica


Message History

Jessica casts a spell.
Jessica seems to speed up.
You shoot an arrow. The arrow hits the adder.
The adder is severely wounded.
The adder misses you.
Jessica mumbles some strange words.
Jessica blinks!
You shoot an arrow. The arrow barely misses the adder.
The arrow hits the dart slug.
The dart slug is heavily wounded.
Jessica casts a spell.
Jessica blinks!
The adder bites you.
You are poisoned.
The adder poisons you! The adder bites you.
You are lethally poisoned!
The adder poisons you!
You shoot an arrow. The arrow closely misses the adder.
The arrow hits the dart slug.
You kill the dart slug!
You feel very sick. The adder closely misses you.
Your Dodging skill increases to level 5!
919 ||| READING scroll of teleportation.
As you read the scroll of teleportation, it crumbles to dust.
You feel strangely unstable.
You feel sick. The adder bites you but does no damage.
Jessica gestures wildly while chanting.
Jessica blinks!
The adder closely misses you.
You shoot an arrow. The arrow hits the adder!
You kill the adder!
You feel sick.
Jessica casts a spell.
Jessica blinks!
You shoot an arrow. The arrow hits the hobgoblin.
You kill the hobgoblin!
You feel sick.
You shoot an arrow. The arrow hits Jessica.
Jessica is severely wounded.
Your surroundings suddenly seem different.
You die...

.......##.#
######....#
.#
.......##.#
#....# #
.......'..#
#....#
.......####
######....#
.......###
#.........#
.........#
#.........#
###......#
#.........#
#......#
#.........#
#......#
#...@.....#
#......#
#.........#
#......#
###########
#......#
########


There were no monsters in sight!

Vanquished Creatures
  3 adders (D:2)
  A dart slug (D:2)
  3 ball pythons (D:1)
  4 endoplasms (D:1)
  2 giant cockroaches
  4 hobgoblins
  6 kobolds
  A quokka (D:1)
  A bat (D:1)
  A frilled lizard (D:2)
  2 goblins
  3 rats
31 creatures vanquished.

Notes
Turn   | Place    | Note
-------+----------+-------------------------------------------
     0 | D:1      | qw the Spriggan Hunter began the quest for the Orb.
     0 | D:1      | Reached XP level 1. HP: 10/10 MP: 2/2
     0 | D:1      | 0 ||| qw: Version: 0.3-a-155-g5e7d8dd
     0 | D:1      | 0 ||| qw: Game counter: 1732
     0 | D:1      | 0 ||| qw: Melee chars always use a shield: true
     0 | D:1      | 0 ||| qw: God list: Okawaru
     0 | D:1      | 0 ||| qw: Allow faded altars: false
     0 | D:1      | 0 ||| qw: Do Orc after clearing Dungeon:15 true
     0 | D:1      | 0 ||| qw: Do second Lair branch before Depths: true
     0 | D:1      | 0 ||| qw: Lair rune preference: random
     0 | D:1      | 0 ||| qw: Goals: Normal
     0 | D:1      | 0 ||| PLANNING D:1-11
    33 | D:1      | Reached skill level 3 in Dodging
   175 | D:1      | Reached XP level 2. HP: 14/14 MP: 3/3
   300 | D:1      | Reached skill level 4 in Dodging
   692 | D:1      | 692 ||| UPGRADING to +6 ring of dexterity.
   693 | D:1      | 693 ||| UPGRADING to ring of protection from cold.
   694 | D:1      | 694 ||| READING scroll labelled CODEGU BENUTAA.
   695 | D:1      | 695 ||| READING scroll labelled LUXEWEA QONA.
   698 | D:1      | 698 ||| READING 2 scrolls labelled CUIRAZ NOMMAX.
   698 | D:1      | 698 ||| IDENTIFYING sedimented coppery potion
   699 | D:1      | 699 ||| READING scroll of identify.
   699 | D:1      | 699 ||| IDENTIFYING metallic pink potion
   700 | D:1      | 700 ||| DROPPING scroll of butterflies.
   701 | D:1      | 701 ||| DROPPING potion of magic.
   808 | D:2      | Reached XP level 3. HP: 18/18 MP: 4/4
   832 | D:2      | Found Gagawkei's Antique Weapon Emporium.
   909 | D:2      | Noticed Jessica
   918 | D:2      | HP: 4/18 [poisoned by an adder]
   919 | D:2      | Reached skill level 5 in Dodging
   919 | D:2      | 919 ||| READING scroll of teleportation.
   922 | D:2      | Succumbed to an adder's poison

Levels and vault maps discovered:
D:1:      amcnicky_arrival_wind_blow, layout_rooms, serial_rivers,
          chequers_serial_rivers_micro_b, chequers_serial_rivers_large_a,
          chequers_serial_rivers_micro_d, chequers_serial_rivers_micro_b
D:2:      layout_basic, serial_shops, shop, uniq_jessica

Skill      XL: |  1  2  3 |
---------------+----------+-----
Dodging        | 3 4 5 |  5.0
Fighting       | |  1.5
Ranged Weapons | |  4.4
Stealth        | |  1.5

Action                     || total
---------------------------++-------
   Fire: Shortbow          ||    95
    Use: Scroll            ||     5
 Armour: Robe              ||     6
  Dodge: Dodged            ||    21

Table legend:
 A = Non-vault XP
 B = Vault XP
 C = Vault XP percentage of total XP
 D = Non-vault monster count
 E = Vault monster count
 F = Vault count percentage of total count
                 A         B        C        D         E       F
            +---------+---------+-------+---------+---------+-------
      Total |      88 |       0 |   0.0 |      31 |       0 |   0.0
            +---------+---------+-------+---------+---------+-------
        D:1 |      33 |       0 |   0.0 |      19 |       0 |   0.0
        D:2 |      55 |       0 |   0.0 |      12 |       0 |   0.0
            +---------+---------+-------+---------+---------+-------
